 Dungeon Crawl Stone Soup version 0.30.1-11-g7821555f0a (webtiles) character file.

Game seed: 17888714033263309720

340 lonewolfV2 the Trooper (level 6, -2/53 HPs)
             Began as a Formicid Fighter on Nov 14, 2023.
             Was an Initiate of Qazlal.
             Slain by a gnoll
             ... wielding a +0 halberd
              (4 damage)
             ... on level 4 of the Dungeon.
             The game lasted 00:07:05 (4024 turns).

lonewolfV2 the Trooper (Formicid Fighter)           Turns: 4024, Time: 00:07:06

Health: -2/53      AC:  8    Str: 28    XL:     6   Next: 87%
Magic:  6/6        EV:  9    Int:  8    God:    Qazlal [......]
Gold:   176        SH:  5    Dex: 13    Spells: 5/5 levels left

rFire   . . .        a - +0 war axe
rCold   . . .        c - +0 buckler
rNeg    . . .        b - +0 scale mail
rPois   .            (helmet unavailable)
rElec   .            (no cloak)
rCorr   .            (no gloves)
SInv    +            f - +0 pair of boots
Will    .....        (no amulet) Stlth
                     g - +6 ring of strength
HPRegen 0.28/turn    m - +4 ring of slaying
MPRegen 0.10/turn

%: no passive effects
@: no status effects
A: permanent stasis, dig shafts and tunnels, antennae 3, four strong arms
a: Dig, Shaft Self, Renounce Religion


You were on level 4 of the Dungeon.
You worshipped Qazlal.
Qazlal was noncommittal.
You visited 2 branches of the dungeon, and saw 5 of its levels.

You collected 176 gold pieces.

Inventory:

Hand Weapons
 a - a +0 war axe (weapon)
Armour
 b - a +0 scale mail (worn)
 c - a +0 buckler (worn)
 f - a +0 pair of boots (worn)
Jewellery
 g - a +6 ring of strength (left hand)
 m - a +4 ring of slaying (right hand)
Scrolls
 e - a scroll of immolation {unknown}
 n - a scroll of magic mapping
 s - a scroll of fog
Potions
 d - 2 potions of might
 h - a potion of invisibility {unknown}
 i - 2 potions of attraction
 j - 2 potions of brilliance {unknown}
 k - 2 potions of degeneration {unknown}
 l - a potion of haste {unknown}
 o - a potion of ambrosia {unknown}
 p - 3 potions of curing
 q - a potion of resistance {unknown}
 r - 2 potions of lignification {unknown}
 t - 2 potions of flight {unknown}


   Skills:
 + Level 6.5 Fighting
 - Level 2.0 Axes
 - Level 3.2 Armour
 + Level 6.4 Shields


You had 5 spell levels left.
You didn't know any spells.
Your spell library was empty.

Dungeon Overview and Level Annotations

Branches:
Dungeon (4/15)             Temple (1/1) D:4

Altars:
Ashenzari
Dithmenos
Elyvilon
Kikubaaqudgha
Makhleb
Qazlal
Trog
Vehumet
Xom
Zin

Shops:
D:4 (

Annotations:
D:3 1 runed translucent door, fitz's ghost, amateur HOFi


Innate Abilities, Weirdness & Mutations

You cannot be hasted, slowed, berserked, paralysed or teleported.
You can dig through walls and to a lower floor.
You have a pair of large antennae on your head. (SInv)
Your four strong arms can wield two-handed weapons with a shield.


Message History

The gnoll shouts! x2
There are monsters nearby!
You see here a scroll of identify.
The gnoll hits you from afar with a +0 halberd!
The gnoll closely misses you.
You barely miss the gnoll. You hit the gnoll but do no damage.
You block the gnoll's attack. The gnoll hits you with a +0 flail.
The gnoll hits you but does no damage.
You barely miss the gnoll. You hit the gnoll.
The gnoll hits you from afar with a +0 halberd!
The gnoll hits you but does no damage. x2
The gnoll closely misses you. x2; The gnoll hits you but does no damage.
You block the gnoll's attack.
You hit the gnoll.
The gnoll is heavily wounded.
You hit the gnoll. x2; You barely miss the gnoll.
The gnoll hits you with a +0 halberd! The gnoll barely misses you.
You block the gnoll's attack. The gnoll barely misses you. x2
The gnoll hits you but does no damage. x2
The gnoll hits you with a +0 halberd.
You hit the gnoll.
The gnoll is almost dead.
You slash the gnoll!
You kill the gnoll!
Qazlal accepts your kill.
You hit the gnoll. x2; You block the gnoll's attack.
The gnoll hits you with a +0 flail!
* * * LOW HITPOINT WARNING * * *
The gnoll closely misses you.
You barely miss the gnoll.
The gnoll is almost dead.
You hit the gnoll. You hit the gnoll but do no damage.
The gnoll hits you with a +0 halberd.
* * * LOW HITPOINT WARNING * * *
The gnoll hits you with a +0 flail.
* * * LOW HITPOINT WARNING * * *
The gnoll hits you with a +0 halberd.
* * * LOW HITPOINT WARNING * * *
The gnoll hits you with a +0 halberd.
You die...

.... #..)....#
.######### ###+#....#
.........# #....#'###
.........+ #....#..#
....... #....#..# .
...... #....#..### .
#...##+##....#....# ##
####.gg#........####.#
..
.#....)@#...(....####.##
..
......g.................
..
.......?................
.~
~~~~~..~~.~~.~~~~~~.~~.~
≈~
~~~~~~~~~≈≈~~~≈~~~~≈~~~~
≈~
≈≈≈≈≈≈~≈≈≈≈≈≈≈≈≈≈≈~≈≈≈≈≈
≈≈
≈≈≈≈≈≈≈≈≈≈≈#####≈≈≈≈≈≈≈≈
## ############
{#≈≈≈≈≈≈≈≈ {
{{{#≈≈≈≈≈≈≈≈


You could see 3 gnolls.

Vanquished Creatures
  A scorpion (D:4)
  Crazy Yiuf (D:2)
  An iguana (D:4)
  6 gnolls
  4 adders
  An ufetubus (D:4)
  A worm (D:2)
  2 dart slugs
  An orc (D:3)
  5 ball pythons
  10 bats
  5 endoplasms (D:1)
  5 giant cockroaches
  26 goblins
  17 hobgoblins
  9 jackals
  13 kobolds
  3 quokkas
  2 frilled lizards
  2 rats
115 creatures vanquished.

Notes
Turn   | Place    | Note
-------+----------+-------------------------------------------
     0 | D:1      | lonewolfV2 the Formicid Fighter began the quest for the
                  | Orb.
     0 | D:1      | Reached XP level 1. HP: 18/18 MP: 1/1
    77 | D:1      | Reached XP level 2. HP: 19/25 MP: 2/2
   211 | D:1      | Reached XP level 3. HP: 30/30 MP: 3/3
   331 | D:1      | Noticed a floating eye
   336 | D:1      | Noticed an eye of devastation
   338 | D:1      | Found a faded altar of an unknown god.
   340 | D:1      | Noticed a great orb of eyes
   340 | D:1      | Noticed an eye of devastation
   857 | D:1      | Reached XP level 4. HP: 38/38 MP: 4/4
  1322 | D:2      | Found a runed translucent door.
  1323 | D:2      | Noticed Crazy Yiuf
  1851 | D:2      | Reached skill level 5 in Shields
  2211 | D:2      | Killed Crazy Yiuf
  2212 | D:2      | Reached skill level 5 in Fighting
  2212 | D:2      | Reached XP level 5. HP: 33/44 MP: 5/5
  2432 | D:3      | Found a runed translucent door.
  2440 | D:3      | Noticed fitz's ghost (amateur HOFi)
  2822 | D:4      | Reached XP level 6. HP: 51/52 MP: 6/6
  3536 | D:4      | Found Fituj's Weapon Shop.
  3775 | D:4      | Found a staircase to the Ecumenical Temple.
  3817 | Temple   | Entered the Ecumenical Temple
  3897 | Temple   | Became a worshipper of Qazlal Stormbringer
  4024 | D:4      | HP: 2/53 [gnoll/+0 halberd (4)]
  4024 | D:4      | Slain by a gnoll

Illustrated notes

Levels and vault maps discovered:
D:1:      dpeg_arrival_tiny_c, layout_loops_corners,
          hellmonk_ecumenical_altar_watching_god, minmay_pentomino_o2
D:2:      layout_loops_corners, uniq_crazy_yiuf_cottage
D:3:      layout_basic, ebering_ghost_reflecting_pool
D:4:      minmay_goblin_kobold_castle, layout_gridville,
          minmay_temple_entry_slanted, serial_shops, shop, uniq_ijyb
Temple:   mainiacjoe_temple_bowtie_tessellation

Skill      XL: |  1  2  3  4  5  6 |
---------------+-------------------+-----
Fighting       | 4 5 6 |  6.5
Shields        | 5 6 |  6.4
Axes           | |  2.0
Armour         | |  3.2

Action                     |  1- 3 |  4- 6 || total
---------------------------+-------+-------++-------
  Melee: War axe           |   100 |   156 ||   256
    Use: Scroll            |       |     9 ||     9
         Potion            |       |     1 ||     1
 Armour: Scale mail        |    67 |    92 ||   159
  Dodge: Dodged            |    62 |    77 ||   139
  Block: Buckler           |    29 |    60 ||    89
